 Dungeon Crawl Stone Soup version 0.31.0-9-g3a7656b989 (webtiles) character file.

Game seed: 13139781296354055823

17464 EnegeticOcto the Grappler (level 12, 83/122 HPs)
             Began as a Troll Fighter on Jan 31, 2024.
             Was the Champion of Wu Jian.
             Quit the game on level 2 of the Lair of Beasts.
             The game lasted 00:09:14 (9877 turns).

EnegeticOcto the Grappler (Troll Fighter)           Turns: 9877, Time: 00:09:14

Health: 83/122     AC: 15    Str: 31    XL:     12   Next: 19%
Magic:  11/11      EV: 10    Int:  2    God:    Wu Jian [******]
Gold:   446        SH: 16    Dex: 14    Spells: 11/11 levels left

rFire   . .          .
                       - Unarmed
rCold   + . .        b - +0 kite shield
rNeg    . . .        L - +2 steam dragon scales
rPois   .            (helmet restricted)
rElec   .            F - +1 cloak
rCorr   .            (gloves unavailable)
SInv    .            (boots unavailable)
Will    +....        A - amulet of the Last Suns {Reflect Dex+5 SH+5}
Stlth   +            i - +4 ring of protection
HPRegen 1.20/turn    B - ring of willpower
MPRegen 0.12/turn

%: reflection
@: mildly poisoned (83 -> 81), marked
A: large, unfitting armour, claws 3, regeneration 1, shaggy fur 1, tough skin 1,
cold resistance 1, dopey 1, persistent drain
a: Renounce Religion, Wall Jump, Serpent's Lash, Heavenly Storm


You were on level 2 of the Lair of Beasts.
You worshipped Wu Jian.
Wu Jian was exalted by your worship.
You visited 2 branches of the dungeon, and saw 12 of its levels.
You also visited: Ossuary and Bailey.

You collected 829 gold pieces.
You spent 383 gold pieces at shops.

Inventory:

Missiles
 o - 2 curare-tipped darts (quivered)
Armour
 a - a +0 robe
 b - a +0 kite shield (worn)
 F - a +1 cloak (worn)
   (You took it off Crazy Yiuf on level 7 of the Dungeon)
 L - +2 steam dragon scales (worn)
   (You took it off Maggie on level 9 of the Dungeon)
Jewellery
 d - a ring of protection from fire
   (You found it on level 1 of the Dungeon)
 i - a +4 ring of protection (left claw)
   (You found it on level 1 of the Dungeon)
 A - the amulet of the Last Suns (around neck) {Reflect Dex+5 SH+5}
   (You acquired it on level 10 of the Dungeon)

   [amulet of reflection]

   Reflect:   It reflects blocked missile attacks.
   Dex+5:     It affects your dexterity (+5).
   SH+5:      It affects your SH (+5).
 B - a ring of willpower (right claw)
   (You found it on level 6 of the Dungeon)
 I - the ring "Tuthob" {^Drain rElec rPois rCorr SInv}
   (You found it on level 8 of the Dungeon)

   [ring of see invisible]

   rElec:     It insulates you from electricity.
   rPois:     It protects you from poison SInv: It lets you see invisible.
   rCorr:     It protects you from acid and corrosion.
   ^Drain:    It drains your maximum health when unequipped.
Wands
 s - a wand of charming (7)
   (You found it on level 3 of the Dungeon)
 v - a wand of polymorph (12)
   (You found it on level 3 of the Dungeon)
 H - a wand of iceblast (5) {@v2}
   (You found it on level 8 of the Dungeon)
 J - a wand of digging (2) {@v3}
   (You found it on level 8 of the Dungeon)
 M - a wand of mindburst (12)
   (You bought it in a shop on level 10 of the Dungeon)
Scrolls
 j - 3 scrolls of immolation
 k - a scroll of blinking {@r4}
 m - 2 scrolls of fear {!r}
 p - 2 scrolls of enchant weapon
 q - a scroll of vulnerability
 y - 6 scrolls of teleportation {@r3 !r}
 C - a scroll of fog {unknown}
 D - 2 scrolls of silence {!r}
 G - a scroll of poison {unknown}
 K - a scroll of torment {unknown}
 N - a scroll of brand weapon {unknown}
Potions
 c - 3 potions of might {@q3 !q}
 e - 3 potions of degeneration {unknown}
 f - 4 potions of lignification {@q6}
 g - 2 potions of berserk rage
 h - 4 potions of heal wounds {unknown}
 l - 5 potions of curing {@q1 !q}
 n - 6 potions of mutation
 r - a potion of cancellation {unknown}
 t - 2 potions of brilliance {unknown}
 u - 2 potions of enlightenment
 w - 3 potions of haste {@q4 !q}
 x - a potion of ambrosia
 z - 4 potions of attraction
 E - a potion of invisibility {unknown}
Miscellaneous
 O - a box of beasts (inert)
   (You found it on level 1 of the Lair of Beasts)


   Skills:
 + Level 8.6 Fighting
 + Level 3.3 Armour
 + Level 4.2 Dodging
 + Level 9.3 Shields
 * Level 13.7 Unarmed Combat


You had 11 spell levels left.
You didn't know any spells.
Your spell library contained the following spells:

 Spells                   Type           Power      Damage    Failure   Level
 Magic Dart               Conj           0%         1d3       71%         1
 Sting                    Conj/Alch      0%         1d3       71%         1
 Blink                    Tloc           0%         N/A       83%         2
 Lesser Beckoning         Tloc           0%         N/A       83%         2
 Mercury Vapours          Alch/Air       0%         N/A       83%         2
 Momentum Strike          Conj/Tloc      0%         3d8       83%         2
 Searing Ray              Conj           0%         2d4       83%         2
 Hailstorm                Conj/Ice       0%         3d5       97%         3
 Summon Ice Beast         Ice/Summ       0%         N/A       97%         3
 Tukima's Dance           Hex            0%         N/A       97%         3
 Fulminant Prism          Conj/Alch      0%         3d5       100%        4
 Olgreb's Toxic Radiance  Alch           0%         N/A       100%        4
 Passage of Golubria      Tloc           0%         N/A       100%        4
 Yara's Violent Unravell  Hex/Alch       0%         3d3       100%        5
 Sculpt Simulacrum        Ice/Alch       0%         N/A       100%        6


Dungeon Overview and Level Annotations

Branches:
Dungeon (10/15) Zot: 26372  Temple (0/1) D:6            Lair (2/5) D:10 Zot: 11120
    Orc (0/2) D:9         Ossuary (visited)          Bailey (visited)
  Swamp: Lair:2-3    Shoals: Lair:2-3     Snake: Lair:2-3    Spider: Lair:2-3

Altars:
Cheibriados
Elyvilon
Fedhas
Gozag
Hepliaklqana
Makhleb
Nemelex Xobeh
Okawaru
Qazlal
Ru
Trog
Uskayaw
Wu Jian
Xom
Zin
The Shining One

Shops:
D:2 !   D:10 *


Innate Abilities, Weirdness & Mutations

You are too large for most types of armour.
You have claws for hands.
Your natural rate of healing is unusually fast.
You are covered in fur. (AC +1)
You have tough skin. (AC +1)
Your flesh is cold resistant. (rC+)
You are dopey. (Int -2)
Your health recovers twice as slowly from being drained.


Message History

No target in view!
No target in view!
No target in view!
No target in view!
No target in view!
No target in view!
No target in view!
No target in view!
No target in view!
Things that are here:
a +2 scimitar of flaming; an amulet of faith
o - 2 curare-tipped darts
Found a scale mail.
A bullfrog comes into view.
The bullfrog croaks.
A bullfrog is nearby!
Found 15 gold pieces.
You block the bullfrog's attack. x2
You mangle the bullfrog!!
You kill the bullfrog!
The Council accepts your kill.
No target in view!
No target in view!
No target in view!
No target in view!
No target in view!
No target in view!
No target in view!
You see here a bullfrog corpse.
A malevolent force fills the Lair of Beasts...
With a horrendous wail, an alarm goes off!
A sentinel's mark forms upon you.
You hear an angry hiss. x2; You hear a bellow! x2; You hear an angry hiss. x2
You now have 446 gold pieces (gained 15).
A black mamba comes into view.
A black mamba is nearby!
You swap places.
You lunge at the black mamba.
You miss the black mamba. You block the black mamba's attack.
A water moccasin comes into view.
You block the black mamba's attack.
You miss the black mamba. You block the black mamba's attack.
Your larval shockweird beast misses the black mamba.
Your larval shockweird beast barely misses the black mamba.
You closely miss the black mamba. The black mamba bites you!
You are poisoned.
The black mamba poisons you! You block the black mamba's attack.
Your larval shockweird beast closely misses the black mamba.
Your larval shockweird beast grabs the black mamba.
Your larval shockweird beast constricts the black mamba.
You barely miss the black mamba.
The black mamba is lightly wounded.
You feel very sick.
The black mamba bites you but does no damage.
You mangle the black mamba!!
The black mamba is heavily wounded.
You feel sick. You block the black mamba's attack.
Your larval shockweird beast bursts into living lightning!
The living lightning hits the black mamba.
Your larval shockweird beast blinks!
Your larval shockweird beast loses its grip on the black mamba.
You block the water moccasin's attack.
You scratch the water moccasin.
The water moccasin is lightly wounded.
You feel sick.
Your larval shockweird beast disappears in a puff of smoke!
You block the water moccasin's attack.
You claw the black mamba!
The black mamba is almost dead.
You feel sick. The black mamba bites you.
The water moccasin closely misses you. The black mamba bites you!
You are more poisoned.
The black mamba poisons you!
You completely miss the black mamba.
The black mamba is almost dead.
You feel very sick. The water moccasin barely misses you.
You block the black mamba's attack.
You claw the black mamba!
You kill the black mamba!
The Council accepts your kill.
You feel very sick. The water moccasin closely misses you.
The water moccasin bites you but does no damage.
You claw the water moccasin!
The water moccasin is heavily wounded.
You feel very sick. You block the water moccasin's attack.
You mangle the water moccasin!!
You kill the water moccasin!
The Council accepts your kill.
You feel sick.
You are too injured to fight recklessly!
You are too injured to fight recklessly!
You are too injured to fight recklessly!
You are too injured to fight recklessly!
You are too injured to fight recklessly!
You are too injured to fight recklessly!
You are too injured to fight recklessly!
You are too injured to fight recklessly!
You are too injured to fight recklessly!
You feel very sick.
Are you sure you want to abandon this character and quit the game? (Confirm with "yes".)

## #####+#.## .
........#
..##.P.#...##
.#...#.....P#
.#.....#P?#.+ ..
.# ...#.......#
.. .# #.#.#..@..#
.. .# #...#†....#
.> . #..##†#.#
+.#.## #.....#.#
...#.# #.+.P####
#....# ##†###
##..+## #..#
......######.####
.......#........#


There were no monsters in sight!

Vanquished Creatures
  A two-headed ogre (D:10)
  Erica (Lair:2)
  Pikel (D:4)
  A manticore (D:7)
  2 black mambas
  Joseph (D:7)
  4 elephants (Lair:1)
  A gargoyle (D:10)
  Maggie (D:9)
  3 cane toads (Lair:1)
  5 komodo dragons
  A rime drake (Lair:1)
  A troll (D:9)
  A wyvern (Lair:1)
  14 yaks
  A vampire (D:10)
  A basilisk (Lair:1)
  2 vampire mosquitoes (D:10)
  5 steam dragons
  Menkaure (D:5)
  2 acid dragons (D:9)
  Duvessa (D:4)
  6 water moccasins
  12 orc warriors
  A black bear (D:5)
  2 sky beasts (D:7)
  An ice beast (D:7)
  7 centaurs
  2 ogres (D:6)
  2 lemures (D:4)
  Blork the orc (D:5)
  3 kobold brigands
  9 bullfrogs
  A scorpion (D:6)
  Dowan (D:4)
  9 wights
  5 killer bees
  4 electric eels
  7 howler monkeys
  2 bombardier beetles (D:4)
  A hound (D:6)
  2 jellies
  5 orc priests
  Crazy Yiuf (D:7)
  A gnoll bouda (D:6)
  2 iguanas
  14 orc wizards
  Terence (D:2)
  8 mummies (Ossuary)
  9 adders
  13 gnolls
  3 white imps
  3 ufetubi (D:6)
  4 dart slugs
  2 ribbon worms
  57 orcs
  11 ball pythons
  7 endoplasms
  5 giant cockroaches
  2 gnoll zombies (Ossuary)
  19 goblins
  8 hobgoblins
  2 jackals (D:5)
  7 kobolds
  4 quokkas
  7 bats
  5 frilled lizards
  3 hobgoblin zombies (Ossuary)
  3 kobold zombies (Ossuary)
  7 rats
342 creatures vanquished.

Vanquished Creatures (others)
  A hydra (D:9)
  2 orc warriors (Bailey)
3 creatures vanquished.

Grand Total: 345 creatures vanquished

Notes
Turn   | Place    | Note
-------+----------+-------------------------------------------
     0 | D:1      | EnegeticOcto the Troll Fighter began the quest for the Orb.
     0 | D:1      | Reached XP level 1. HP: 22/22 MP: 0/0
   214 | D:1      | Reached XP level 2. HP: 29/29 MP: 1/1
   386 | D:1      | Reached skill level 3 in Shields
   681 | D:2      | Reached XP level 3. HP: 36/36 MP: 2/2
   719 | D:2      | Noticed Terence
   724 | D:2      | Killed Terence
   725 | D:2      | Reached skill level 3 in Unarmed Combat
   769 | D:2      | Reached XP level 4. HP: 43/44 MP: 3/3
   930 | D:2      | Found a faded altar of an unknown god.
   935 | D:2      | Prayed at the altar of an unknown god.
   935 | D:2      | Became a worshipper of the Wu Jian Council
   935 | D:2      | Reached * piety under Wu Jian
  1134 | D:2      | Found Kaocutul's Distillery.
  1137 | D:2      | Bought a potion of curing for 39 gold pieces
  1137 | D:2      | Bought a potion of lignification for 39 gold pieces
  1174 | D:2      | Reached skill level 3 in Fighting
  1314 | D:3      | Found a white marble altar of Elyvilon.
  1367 | D:3      | Reached skill level 4 in Unarmed Combat
  1367 | D:3      | Reached XP level 5. HP: 53/53 MP: 4/4
  1394 | D:3      | Found a hide-covered altar of Uskayaw.
  1414 | D:3      | Found a snail-covered altar of Cheibriados.
  1460 | D:3      | Reached ** piety under Wu Jian
  1740 | D:3      | Found a glowing golden altar of the Shining One.
  2038 | D:4      | Found a sand-covered staircase.
  2042 | Ossuary  | Entered an ossuary
  2070 | Ossuary  | Reached XP level 6. HP: 58/61 MP: 5/5
  2171 | Ossuary  | Reached skill level 4 in Shields
  2171 | Ossuary  | Reached skill level 5 in Unarmed Combat
  2354 | D:4      | Noticed Pikel
  2406 | D:4      | Killed Pikel
  2407 | D:4      | Reached skill level 4 in Fighting
  2407 | D:4      | Reached skill level 6 in Unarmed Combat
  2407 | D:4      | Reached XP level 7. HP: 70/70 MP: 6/6
  2567 | D:4      | Reached *** piety under Wu Jian
  2720 | D:4      | Noticed Duvessa
  2720 | D:4      | Noticed Dowan
  2724 | D:4      | Killed Duvessa
  2725 | D:4      | Reached skill level 5 in Shields
  2725 | D:4      | Reached XP level 8. HP: 66/79 MP: 7/7
  2726 | D:4      | Killed Dowan
  2727 | D:4      | Reached skill level 7 in Unarmed Combat
  2812 | D:4      | Found an iron altar of Okawaru.
  2899 | D:5      | Entered Level 5 of the Dungeon
  3012 | D:5      | Noticed Menkaure
  3015 | D:5      | Killed Menkaure
  3026 | D:5      | Noticed Blork the orc
  3034 | D:5      | Killed Blork the orc
  3161 | D:5      | Reached skill level 5 in Fighting
  3488 | D:5      | Found a shimmering altar of Xom.
  3489 | D:5      | Found a hazy altar of Hepliaklqana.
  3489 | D:5      | Noticed a purple ugly thing
  3490 | D:5      | Noticed a spectral ugly thing
  3490 | D:5      | Noticed a purple ugly thing
  3679 | D:6      | Reached skill level 8 in Unarmed Combat
  3961 | D:6      | Found a bloodstained altar of Trog.
  4132 | D:6      | Found a sacrificial altar of Ru.
  4366 | D:6      | Reached skill level 6 in Shields
  4469 | D:6      | Reached XP level 9. HP: 88/88 MP: 8/8
  4518 | D:6      | Found a staircase to the Ecumenical Temple.
  4729 | D:7      | Noticed a manticore
  4739 | D:7      | Killed a manticore
  4739 | D:7      | Reached skill level 9 in Unarmed Combat
  4871 | D:7      | Found a flagged portal.
  4892 | Bailey   | Entered a bailey
  4908 | Bailey   | Reached skill level 6 in Fighting
  4913 | Bailey   | Reached **** piety under Wu Jian
  5064 | Bailey   | Reached skill level 10 in Unarmed Combat
  5078 | Bailey   | Noticed an orc knight
  5078 | Bailey   | Noticed an orc knight
  5327 | D:7      | Reached skill level 7 in Shields
  5386 | D:7      | Found a runed translucent door.
  5387 | D:7      | Noticed Crazy Yiuf
  5781 | D:7      | Noticed Joseph
  5792 | D:7      | Killed Joseph
  5793 | D:7      | Reached XP level 10. HP: 45/100 MP: 9/9
  6112 | D:7      | Killed Crazy Yiuf
  6634 | D:8      | Found a blossoming altar of Fedhas.
  6644 | D:8      | Identified the ring "Tuthob" {^Drain rElec rPois rCorr
                  | SInv}
  6808 | D:8      | Reached skill level 11 in Unarmed Combat
  6918 | D:8      | Found a sparkling altar of Nemelex Xobeh.
  6934 | D:8      | Reached skill level 7 in Fighting
  6947 | D:8      | Reached ***** piety under Wu Jian
  7043 | D:8      | Found a burning altar of Makhleb.
  7050 | D:8      | Found a glowing silver altar of Zin.
  7050 | D:8      | Noticed a balrug
  7050 | D:8      | Noticed an angel
  7142 | D:8      | Found a stormy altar of Qazlal.
  7466 | D:9      | Reached skill level 8 in Shields
  7568 | D:9      | Noticed Maggie
  7582 | D:9      | Killed Maggie
  7668 | D:9      | Found a staircase to the Orcish Mines.
  7880 | D:9      | Reached skill level 12 in Unarmed Combat
  7890 | D:9      | Found an opulent altar of Gozag.
  8222 | D:9      | Reached XP level 11. HP: 107/109 MP: 10/10
  8227 | D:9      | Noticed a seven-headed hydra
  8233 | D:9      | Noticed a four-headed hydra
  8277 | D:9      | Killed a four-headed hydra
  8325 | D:10     | Entered Level 10 of the Dungeon
  8329 | D:10     | Found a staircase to the Lair.
  8660 | D:10     | Gained mutation: You have hidden genetic defects. [potion
                  | of mutation]
  8660 | D:10     | Gained mutation: Your flesh is cold resistant. (rC+)
                  | [potion of mutation]
  8697 | D:10     | Found Osheaj's General Store.
  8703 | D:10     | Noticed a two-headed ogre
  8717 | D:10     | Killed a two-headed ogre
  8718 | D:10     | Reached skill level 1 in Armour
  8732 | D:10     | Bought a scroll of teleportation for 42 gold pieces
  8732 | D:10     | Bought a wand of mindburst (12) for 235 gold pieces
  8732 | D:10     | Bought a scroll of identify for 28 gold pieces
  8732 | D:10     | Identified a scroll of acquirement
  8733 | D:10     | Acquired the amulet of the Last Suns {Reflect Dex+5 SH+5}
  8973 | Lair:1   | Entered Level 1 of the Lair of Beasts
  8974 | Lair:1   | Found a white marble altar of Elyvilon.
  9003 | Lair:1   | Reached skill level 8 in Fighting
  9003 | Lair:1   | Reached skill level 3 in Dodging
  9031 | Lair:1   | Reached skill level 2 in Armour
  9033 | Lair:1   | Reached skill level 13 in Unarmed Combat
  9043 | Lair:1   | Gained mutation: You are dopey. (Int -2) [hidden defects]
  9069 | Lair:1   | Reached skill level 9 in Shields
  9417 | Lair:1   | Gained mutation: Your health recovers twice as slowly from
                  | being drained. [hidden defects]
  9417 | Lair:1   | Lost mutation: You have hidden genetic defects. [hidden
                  | defects expressed]
  9658 | Lair:1   | Reached skill level 3 in Armour
  9658 | Lair:1   | Reached XP level 12. HP: 122/122 MP: 11/11
  9782 | Lair:2   | Reached ****** piety under Wu Jian
  9783 | Lair:2   | Reached skill level 4 in Dodging
  9829 | Lair:2   | Noticed Erica
  9839 | Lair:2   | Killed Erica
  9877 | Lair:2   | Quit the game

Illustrated notes

Levels and vault maps discovered:
D:1:      dpeg_arrival_rooms_with_view, layout_basic
D:2:      layout_rooms, shapermc_ecumenical_altar_mp_urbaneastern, serial_shops,
          nicolae_shop_real_fake_doors, kennysheep_minor_cross,
          minmay_joined_circles, uniq_terence
D:3:      layout_basic, elyvilon_altar_1, nicolae_overflow_squiral,
          nicolae_tso_swordbearing_angel, minmay_starry_boxes
D:4:      layout_loops_ring, hellmonk_okawaru_the_only_friend_you_need,
          enter_ossuary_5, uniq_pikel, uniq_duvessa
D:5:      layout_loops_ring, regret_index_temple_of_mockery, uniq_menkaure,
          uniq_blork_the_orc
D:6:      layout_basic, bloody_trog, nicolae_ru_sacrificial_ziggurat,
          temple_green
D:7:      layout_layer_cave, enter_bailey_3, hangedman_decor_peaks_small,
          corexii_checkpoint, uniq_crazy_yiuf_cottage, uniq_joseph
D:8:      layout_loops_ring, grunt_temple_overflow_forces_of_nature,
          nemelex_xobeh_ov_fountains_minmay,
          grunt_temple_overflow_order_and_chaos_2
D:9:      nzn_winding_woodlands_medium [nzn_winding_woodlands_5x5_perimeter,
          nzn_winding_woodlands_5x15_pockets,
          nzn_winding_woodlands_5x5_open_star,
          nzn_winding_woodlands_5x5_closed_star,
          nzn_winding_woodlands_center_pierced_h,
          nzn_winding_woodlands_5x5_cross,
          nzn_winding_woodlands_5x5_checkerboard,
          nzn_winding_woodlands_5x15_longhouse,
          nzn_winding_woodlands_hourglass], layout_basic,
          general_overflow_altar, hiddenorc2_lemuel, nicolae_water_bricks,
          uniq_maggie
D:10:     layout_roguey, david_lair_shrubbed, serial_shops,
          nicolae_diamond_shop, roderic_serpentine_path
Lair:1:   layout_chaotic_city, basic_altar, serial_bayou_lake_a
Lair:2:   layout_roguey, uniq_erica

Skill      XL: |  1  2  3  4  5  6  7  8  9 10 11 12 |
---------------+-------------------------------------+-----
Shields        | 3 4 5 6 7 8 9 |  9.3
Unarmed Combat | 3 4 6 8 10 12 13 | 13.7
Fighting       | 3 4 5 6 7 8 |  8.6
Armour         | 3 |  3.3
Dodging        | 3 4 |  4.2

Action                     |  1- 3 |  4- 6 |  7- 9 | 10-12 || total
---------------------------+-------+-------+-------+-------++-------
  Melee: Unarmed           |    64 |   207 |   271 |   459 ||  1001
  Throw: Dart              |       |       |     1 |     2 ||     3
 Invoke: Serpent's Lash    |       |       |     2 |       ||     2
Ability: Lunge             |       |    11 |    19 |    35 ||    65
         Whirlwind         |       |     2 |     5 |     2 ||     9
  Evoke: Wand              |       |       |     2 |       ||     2
         Box of beasts     |       |       |       |     1 ||     1
    Use: Scroll            |       |     5 |     2 |     9 ||    16
         Potion            |       |       |     1 |     5 ||     6
   Stab: Sleeping          |       |       |     2 |     1 ||     3
 Armour: Robe              |    34 |    89 |   156 |    63 ||   342
         Skin              |       |     8 |       |       ||     8
         Steam dragon scal |       |       |       |   178 ||   178
  Dodge: Dodged            |    21 |    51 |    75 |   135 ||   282
  Block: Kite shield       |    16 |    60 |   115 |   233 ||   424

Table legend:
 A = Kills in this place as a percentage of kills in the entire game.
 B = Kills by you in this place as a percentage of kills by you in the entire game.
 C = Kills by friends in this place as a percentage of kills by friends in the entire game.
 D = Other kills in this place as a percentage of other kills in the entire game.
 E = Experience gained in this place as a percentage of experience gained in the entire game.
 F = Experience gained in this place divided by the number of levels of this place that you have seen.
                   A       B       C       D       E      F
               +-------+-------+-------+-------+-------+----------------------
         Total | 100.0 | 100.0 |   N/A | 100.0 | 100.0 | 1782.1
       Dungeon |  74.8 |  75.0 |   N/A |   0.0 |  54.7 | 1363.6
          Lair |  11.4 |  11.5 |   N/A |   0.0 |  40.7 | 5073.5
       Ossuary |   4.7 |   4.7 |   N/A |   0.0 |   0.6 | 152.0
        Bailey |   9.1 |   8.8 |   N/A | 100.0 |   4.1 | 1014.0
               +-------+-------+-------+-------+-------+----------------------

Table legend: (Time is in decaauts)
 A = Elapsed time spent in this place.
 B = Non-inter-level travel time spent in this place.
 C = Inter-level travel time spent in this place.
 D = Time resting spent in this place.
 E = Time spent auto-exploring this place.
 F = Levels seen in this place.
 G = Mean time per level.
                   A        B        C        D        E       F      G
               +--------+--------+--------+--------+--------+-----+--------+
         Total |   9800 |   9488 |    312 |    533 |   6950 |  14 |  700.0 |
       Dungeon |   8441 |   8145 |    296 |    511 |   6152 |  10 |  844.1 |
          Lair |    879 |    863 |     16 |      4 |    658 |   2 |  439.5 |
       Ossuary |    259 |    259 |      0 |      0 |    122 |   1 |  259.0 |
        Bailey |    219 |    219 |      0 |     18 |     18 |   1 |  219.0 |
               +--------+--------+--------+--------+--------+-----+--------+

Top non-repeatable levels by time:
     D:7: 1613 daAuts
     D:9: 1012 daAuts
     D:6: 1005 daAuts
  Lair:1: 787 daAuts
     D:8: 771 daAuts
     D:5: 764 daAuts
     D:3: 707 daAuts
     D:4: 692 daAuts
     D:1: 651 daAuts
    D:10: 627 daAuts
     D:2: 596 daAuts
 Ossuary: 259 daAuts
  Bailey: 219 daAuts
  Lair:2: 92 daAuts
